Map: Romanticide LE

Players

HeroMarine

  • Race: Terran Terran

Clem - Winner!

  • Race: Terran Terran

Event: DreamHack SC2 Masters 2021 Fall

VOD

Have the link to the VOD?

Description

Time

  • Played on: Aug. 15, 2021, 11:43 a.m.
  • Length: 10:39

All games in this series

Show
View Real Time Build Order
Export as new Build Order

HeroMarine Terran 

Build Orders:  

Get SALT Encoding   

  12  0:00  SCV  
  13  0:12  SCV  
  14  0:17  Supply Depot  
  14  0:24  SCV  
  15  0:38  SCV  
  15  0:40  Barracks  
  16  0:43  Refinery  
  16  0:50  SCV  
  16  0:53  Refinery  
  17  1:03  SCV  
  18  1:15  SCV  
  19  1:26  Barracks Reactor  
  19  1:27  Orbital Command  
  19  1:28  Supply Depot  
  19  1:42  Factory  
  19  1:53  SCV  
  20  2:02  Reaper  
  20  2:03  Reaper  
  20  2:05  SCV  
  23  2:17  SCV  
  24  2:26  Hellion  
  24  2:29  SCV  
  27  2:35  Reaper x2  
  29  2:41  Command Center  
  30  2:49  Supply Depot  
  31  2:51  Hellion  
  31  3:10  Reaper x2, SCV  
  31  3:11  Starport  
  34  3:15  Hellion  
  36  3:22  SCV  
  35  3:34  SCV  
  35  3:41  Factory Tech Lab  
  35  3:42  Marine x2  
  35  3:46  SCV  
  38  3:52  Starport Tech Lab  
  38  3:59  SCV  
  39  4:03  Marine  
  39  4:07  Refinery  
  39  4:09  Marine  
  43  4:10  Cyclone  
  43  4:11  SCV, Raven  
  46  4:19  Orbital Command  
  46  4:21  Marine  
  46  4:23  SCV  
  45  4:27  Marine  
  46  4:35  SCV  
  47  4:40  Marine  
  47  4:42  Siege Tank  
  47  4:45  Marine, SCV  
  52  4:47  SCV  
  50  4:57  SCV  
  50  4:58  Marine  
  50  4:59  SCV  
  49  5:03  Marine  
  49  5:05  Raven  
  52  5:10  SCV, Supply Depot  
  52  5:11  SCV  
  54  5:16  Marine  
  54  5:18  Siege Tank  
  58  5:22  SCV  
  58  5:23  Marine, SCV  
  61  5:34  Marine, SCV  
  63  5:35  SCV  
  63  5:36  Supply Depot  
  62  5:46  SCV  
  62  5:47  SCV  
  63  5:52  Siege Tank  
  64  5:57  Viking  
  64  5:58  Viking, SCV  
  64  5:59  Marine, Supply Depot  
  70  6:05  SCV  
  70  6:10  SCV  
  72  6:17  Marine, SCV  
  73  6:22  SCV  
  73  6:24  Siege Tank  
  77  6:27  Viking  
  77  6:28  Viking  
  77  6:29  SCV  
  77  6:31  Supply Depot  
  82  6:38  Command Center  
  82  6:44  SCV x2  
  84  6:49  Supply Depot  
  83  6:56  SCV x2, Siege Tank  
  83  6:57  Viking x2  
  87  7:08  SCV  
  87  7:09  SCV  
  87  7:14  Marine  
  67  7:27  SCV  
  58  7:35  SCV  
Show
View Real Time Build Order
Export as new Build Order

Clem Terran - Winner!

Build Orders:  

Get SALT Encoding   

  12  0:00  SCV  
  13  0:12  SCV  
  14  0:17  Supply Depot  
  14  0:24  SCV  
  15  0:38  SCV  
  15  0:39  Barracks  
  15  0:42  Refinery  
  16  0:50  SCV  
  16  0:54  Refinery  
  17  1:02  SCV  
  18  1:14  SCV  
  19  1:27  Reaper, Orbital Command  
  19  1:28  Supply Depot  
  20  1:40  Factory  
  20  1:52  SCV  
  21  1:59  Reaper  
  22  2:04  SCV  
  23  2:15  Command Center  
  23  2:18  SCV  
  24  2:24  Hellion  
  26  2:30  SCV  
  26  2:31  Reaper  
  26  2:36  Supply Depot  
  28  2:41  Starport  
  28  2:43  SCV  
  29  2:48  Hellion  
  31  2:58  SCV  
  32  3:03  Marine  
  33  3:09  Factory Tech Lab  
  33  3:10  SCV  
  34  3:18  Medivac  
  34  3:19  Refinery  
  36  3:21  Marine  
  36  3:24  SCV  
  38  3:27  Orbital Command  
  38  3:32  Cyclone  
  40  3:40  Marine  
  39  3:43  SCV  
  39  3:52  Starport Tech Lab  
  39  3:53  SCV  
  39  3:55  SCV  
  41  3:59  Barracks Reactor  
  41  4:06  SCV  
  41  4:07  SCV  
  43  4:12  Supply Depot  
  43  4:13  Raven  
  45  4:18  SCV  
  45  4:19  SCV  
  45  4:30  SCV  
  46  4:31  SCV  
  46  4:32  Siege Tank  
  46  4:35  Command Center  
  50  4:39  Marine x2  
  50  4:42  SCV  
  50  4:43  SCV  
  51  4:54  SCV  
  51  4:55  SCV  
  51  4:57  Marine x2  
  52  5:05  Siege Tank  
  52  5:06  SCV  
  56  5:07  SCV  
  56  5:09  Supply Depot  
  56  5:13  Raven  
  59  5:16  Marine  
  59  5:17  Marine  
  59  5:18  SCV  
  62  5:23  Supply Depot  
  62  5:30  SCV x2  
  62  5:33  Supply Depot  
  64  5:36  Marine x2  
  64  5:42  SCV x2  
  67  5:43  Siege Tank  
  67  5:46  Supply Depot  
  70  5:53  Refinery  
  70  5:54  SCV x2  
  73  6:03  Barracks  
  71  6:04  Barracks  
  71  6:06  SCV  
  71  6:10  Viking x2  
  75  6:14  Marine  
  75  6:15  SCV, Stimpack  
  75  6:18  Orbital Command  
  77  6:21  Siege Tank  
  80  6:27  SCV  
  80  6:31  Marine  
  80  6:32  Supply Depot  
  82  6:38  SCV  
  83  6:41  Engineering Bay  
  83  6:42  Engineering Bay  
  83  6:46  Supply Depot  
  85  6:48  Viking  
  85  6:52  Marine, Viking  
  85  6:53  Marine  
  88  6:56  Siege Tank  
  88  6:58  Marine  
  82  7:10  Marine x2  
  69  7:16  Marine  
  66  7:28  Marine x2  
  64  7:34  Marine  
  56  7:46  Marine x2, Orbital Command  
  46  7:52  Marine  
  39  8:04  Marine x2  
  39  8:09  Marine  
  39  8:21  Marine  
  39  8:22  Marine  

Tags
 
Add a new tag
Caveats
  • Supply blocks, unpowered buildings, or Contaminate may cause inaccurate times.
  • Supply counts are checked every 10 seconds.